 Dungeon Crawl Stone Soup version 0.17.2-1-ge4368a0 (webtiles) character file.

9821 Goblin1989 the Cleaver (level 11, -2/93 HPs)
             Began as a Deep Dwarf Gladiator on Sept 24, 2016.
             Was a Believer of Makhleb.
             Slain by a white ugly thing (33 damage)
             ... on level 11 of the Dungeon.
             The game lasted 00:46:27 (8716 turns).

Goblin1989 the Cleaver (Deep Dwarf Gladiator)       Turns: 8716, Time: 00:46:27

Health: -2/93      AC: 15    Str: 19    XL:     11   Next: 28%
Magic:  17/17      EV:  8    Int: 10    God:    Makhleb [**....]
Gold:   734        SH:  0    Dex: 13    Spells: 0 memorised, 10 levels left

rFire  + . .     SeeInvis +     a - +1 battleaxe
rCold  . . .     Clarity  .     c - +0 plate armour
rNeg   . . .     SustAt   .     (shield currently unavailable)
rPois  +         Gourm    .     K - +0 helmet of Inviolability {rCorr MP+9 Str-2 SInv}
rElec  .         Spirit   .     p - +0 cloak
rCorr  +         Warding  .     (no gloves)
rMut   .         Stasis   .     (no boots)
MR     +....                    (no amulet)
Stlth  ..........               N - ring of poison resistance
                                w - ring of protection from fire

@: non-regenerating, somewhat resistant to hostile enchantments, extremely
unstealthy
A: damage resistance, recharge devices, sense surroundings 2, slow regeneration
3
a: Device Recharging, Minor Destruction, Renounce Religion


You were on level 11 of the Dungeon.
You worshipped Makhleb.
Makhleb was pleased with you.
You were hungry.

You visited 2 branches of the dungeon, and saw 12 of its levels.

You collected 734 gold pieces.

Inventory:

Hand Weapons
 a - a +1 battleaxe (weapon)
Missiles
 S - 3 throwing nets (quivered)
Armour
 c - a +0 plate armour (worn)
 p - a +0 cloak (worn)
 K - the +0 helmet of Inviolability (worn) {rCorr MP+9 Str-2 SInv}
   (You found it on level 6 of the Dungeon)

   It affects your strength (-2).
   It affects your magic capacity (+9).
   It lets you see invisible.
   It protects you from acid and corrosion.
Jewellery
 w - a ring of protection from fire (left hand)
 C - an uncursed ring of see invisible {unknown}
 M - a cursed ring of loudness {unknown}
 N - a ring of poison resistance (right hand)
 Q - an uncursed ring of sustain attributes {unknown}
Wands
 e - a wand of heal wounds (4)
 l - a wand of fire (6)
 m - a wand of confusion (4)
 n - a wand of frost (11)
 q - a wand of random effects (14)
 y - a wand of confusion (18)
 F - a wand of random effects (19)
 G - a wand of flame (39)
 H - a wand of random effects (22)
 I - a wand of polymorph (16)
 L - a wand of invisibility (1)
 O - a wand of digging (12)
 R - a wand of slowing (10)
Scrolls
 d - a scroll of identify
 h - 3 scrolls of fear {unknown}
 k - 3 scrolls of random uselessness {unknown}
 o - 2 scrolls of magic mapping {unknown}
 s - 3 scrolls of enchant weapon {unknown}
 v - 10 scrolls of remove curse
 B - 3 scrolls of recharging {unknown}
 E - 2 scrolls of teleportation
 P - a scroll of blinking {unknown}
Potions
 b - a potion of haste {unknown}
 g - a potion of resistance {unknown}
 i - 2 potions of heal wounds
 j - 3 potions of flight
 u - 2 potions of brilliance
 x - a potion of degeneration {unknown}
 z - 2 potions of lignification
 A - 3 potions of curing
 D - a potion of ambrosia {unknown}
Miscellaneous
 t - a fan of gales
Comestibles
 f - 8 bread rations
 r - 3 slices of pizza
 J - 6 meat rations


   Skills:
 + Level 4.9 Fighting
 * Level 13.7 Axes
 - Level 1.7 Throwing
 + Level 5.8 Armour
 + Level 6.3 Dodging
 * Level 3.1 Invocations
 - Level 10.8 Evocations


You had 10 spell levels left.
You didn't know any spells.

Dungeon Overview and Level Annotations

Branches:
Dungeon (11/15)            Temple (1/1) D:7            Lair (0/8) D:11
    Orc (0/4) D:10

Altars:
Ashenzari
Cheibriados
Dithmenos
Elyvilon
Fedhas
Gozag
Kikubaaqudgha
Makhleb
Nemelex Xobeh
Okawaru
Qazlal
Ru
Sif Muna
Trog
Vehumet
Xom
Yredelemnul
Zin
The Shining One

Annotations:
D:3 Goblin1989's ghost, amateur HOGl
D:11 Grum


Innate Abilities, Weirdness & Mutations

You are resistant to damage.
You can recharge devices by infusing magical energy.
You passively map the area around you.
You do not regenerate naturally.


Message History

The white ugly thing appears confused.
Evoking this partially-identified wand wasted a few charges.
The white ugly thing pecks you! The white ugly thing freezes you!!
You take 22 damage, and have 36/93 hp.
MASSIVE DAMAGE!!
You hit the white ugly thing but do no damage.
The white ugly thing is lightly wounded.
You hit the white ugly thing but do no damage.
You hit the white ugly thing but do no damage.
You slash the white ugly thing!
The white ugly thing is lightly wounded.
Your plate armour prevents you from hitting the white ugly thing.
The white ugly thing is lightly wounded.
You slash the white ugly thing!
The white ugly thing is moderately wounded.
Your plate armour prevents you from hitting the white ugly thing.
The white ugly thing is moderately wounded.
You hear a sizzling splash.
The white ugly thing pecks you! The white ugly thing freezes you!!
You die...

, * ..............# * *
, , ....(........# * ,,
, ,..#.........# ** *,,
** #.........## , , ,
.#######.........#. ,* *
,................#.. ,,
.############.......^...
,
......##................
, , ,,
.......@.####...........
,,, ......#u.#
#...........
,..........#
#.........#. ##.###....#
##.....>.### * * #.,
*#....# *#.....#* * .
.....# *,...... , , ,
.##..## ..... ,, ## #..#
, ,, , , ,, ,, * ** ,


You could see a white ugly thing (confused).

Vanquished Creatures
  A centaur warrior (D:10)
  A hill giant (D:10)
  Pikel (D:8)
  An ugly thing (D:8)
  3 gargoyles (D:10)
  The ghost of jazmu the Covered, a novice GrAM of Makhleb (D:4)
  A merfolk (D:9)
  A troll (D:10)
  Grinder (D:6)
  2 hungry ghosts
  2 hippogriffs (D:8)
  2 wraiths
  Edmund (D:6)
  Duvessa (D:6)
  8 orc warriors
  A wolf (D:10)
  3 slaves
  An ice beast (D:10)
  An eye of draining (D:10)
  A phantom (D:7)
  5 centaurs
  A black bear (D:9)
  A crocodile (D:10)
  6 ogres
  3 giant frogs
  A wyvern zombie (D:7)
  4 big kobolds
  Dowan (D:6)
  3 scorpions
  12 wights
  5 killer bees (D:9)
  2 quasits (D:8)
  A crimson imp (D:4)
  A giant frog zombie (D:6)
  A centaur zombie (D:5)
  6 hounds
  3 jellies
  5 orc priests
  6 worker ants
  A giant frog skeleton (D:10)
  Jessica (D:2)
  4 centaur skeletons
  5 orc wizards
  Natasha (thrice) (D:2)
  2 iguanas
  A killer bee zombie (D:8)
  A hound skeleton (D:8)
  A worker ant zombie (D:5)
  Robin (D:4)
  4 adders
  3 shadow imps
  An ooze (D:1)
  2 adder skeletons
  4 worms
  3 giant geckos
  39 orcs
  5 giant cockroaches
  6 hobgoblins
  17 jackals
  2 ball pythons (D:4)
  6 bats
  7 giant newts
  15 goblins
  18 kobolds
  4 rats
257 creatures vanquished.

Vanquished Creatures (collateral kills)
  A killer bee (D:9)
1 creature vanquished.

Vanquished Creatures (others)
  A slave (D:8)
  A centaur (D:9)
  A crimson imp (D:11)
  A jelly (D:11)
  2 orcs
6 creatures vanquished.

Grand Total: 264 creatures vanquished

Notes
Turn   | Place    | Note
--------------------------------------------------------------
     0 | D:1      | Goblin1989 the Deep Dwarf Gladiator began the quest for the Orb.
     0 | D:1      | Reached XP level 1. HP: 19/19 MP: 1/1
   367 | D:1      | Reached XP level 2. HP: 23/26 MP: 2/2
   379 | D:1      | Reached skill level 4 in Axes
   500 | D:1      | Reached skill level 1 in Evocations
   819 | D:2      | Noticed Natasha
   823 | D:2      | Reached XP level 3. HP: 18/32 MP: 3/3
   839 | D:2      | Killed Natasha
   858 | D:2      | Noticed Jessica
   866 | D:2      | Killed Jessica
   866 | D:2      | Reached skill level 5 in Axes
   866 | D:2      | Reached XP level 4. HP: 34/39 MP: 5/5
   899 | D:2      | Noticed Natasha
   903 | D:2      | Killed Natasha
  1114 | D:2      | Noticed Natasha
  1123 | D:2      | Killed Natasha
  1601 | D:3      | Noticed Goblin1989's ghost (amateur HOGl)
  1641 | D:3      | Found a glowing golden altar of the Shining One.
  1679 | D:3      | Reached XP level 5. HP: 34/45 MP: 7/7
  1897 | D:3      | Noticed a moth of wrath
  2027 | D:4      | Noticed jazmu's ghost (novice GrAM)
  2060 | D:4      | Killed jazmu's ghost
  2060 | D:4      | Reached skill level 7 in Axes
  2060 | D:4      | Reached XP level 6. HP: 24/52 MP: 7/9
  2255 | D:4      | Noticed an ogre
  2261 | D:4      | Killed an ogre
  2261 | D:4      | Reached skill level 5 in Evocations
  2261 | D:4      | Reached XP level 7. HP: 37/58 MP: 9/9
  2492 | D:4      | Noticed Robin
  2508 | D:4      | Killed Robin
  2560 | D:4      | Reached skill level 8 in Axes
  2672 | D:5      | Entered Level 5 of the Dungeon
  2687 | D:5      | jacquesderrida: Так и не выбрался из дыры, гоблен...
  2702 | D:5      | Found a glowing silver altar of Zin.
  2705 | D:5      | jacquesderrida: !lg $p
  2705 | D:5      | beem: 1133. Goblin1989 the Chopper (L4 HOGl), slain by a gnoll on D:3 on 2016-09-24 13:06:09, with 85 points after 1606 turns and 0:04:57.
  2711 | D:5      | jacquesderrida: !lg $p place=Abyss:2
  2711 | D:5      | beem: 5. Goblin1989 the Brawler (L18 DsMo of Gozag), blasted by a Hell Sentinel (blast of hellfire) on Abyss:2 on 2016-09-24 12:34:38, with 223053 points after 41108 turns and 4:20:44.
  2762 | D:5      | Found a sacrificial altar of Ru.
  2764 | D:5      | Found a basalt altar of Yredelemnul.
  2778 | D:5      | jacquesderrida: Eeek
  3017 | D:5      | Reached skill level 9 in Axes
  3042 | D:5      | Reached XP level 8. HP: 47/66 MP: 10/10
  3081 | D:5      | Found a sparkling altar of Nemelex Xobeh.
  3143 | D:5      | Found a shimmering altar of Xom.
  3156 | D:5      | Found a radiant altar of Vehumet.
  3959 | D:6      | Noticed Duvessa
  3962 | D:6      | Noticed Dowan
  3964 | D:6      | Killed Duvessa
  3968 | D:6      | Killed Dowan
  3972 | D:6      | Reached skill level 10 in Axes
  4070 | D:6      | Noticed Edmund
  4077 | D:6      | Killed Edmund
  4096 | D:6      | Got a warped helmet
  4107 | D:6      | Identified the cursed +0 helmet of Inviolability {rCorr MP+9 Str-2 SInv} (You found it on level 6 of the Dungeon)
  4129 | D:6      | Noticed Grinder
  4144 | D:6      | Reached skill level 11 in Axes
  4148 | D:6      | Killed Grinder
  4148 | D:6      | Gained mutation: You passively map the area around you. [Deep Dwarf growth]
  4148 | D:6      | Reached XP level 9. HP: 19/73 MP: 12/12
  4577 | D:6      | Found a bloodstained altar of Trog.
  4884 | D:7      | Reached skill level 1 in Armour
  5108 | D:7      | You fall through a shaft for 2 floors!
  5127 | D:9      | Reached skill level 12 in Axes
  5135 | D:9      | jacquesderrida: Гремлин, где маклерба потерял?!
  5526 | D:7      | Found a staircase to the Ecumenical Temple.
  5532 | Temple   | Entered the Ecumenical Temple
  6207 | D:8      | Noticed a brown ugly thing
  6234 | D:8      | Killed a brown ugly thing
  6234 | D:8      | Reached XP level 10. HP: 35/84 MP: 12/12
  6362 | D:8      | Noticed Pikel
  6378 | D:8      | Killed Pikel
  6378 | D:8      | Reached skill level 10 in Evocations
  6530 | D:8      | Found a white marble altar of Elyvilon.
  6928 | D:8      | Found a shattered altar of Ashenzari.
  7137 | D:8      | Found a burning altar of Makhleb.
  7137 | D:8      | Found a shadowy altar of Dithmenos.
  7137 | D:8      | Found a stormy altar of Qazlal.
  7145 | D:8      | Reached skill level 5 in Dodging
  7152 | D:8      | Became a worshipper of Makhleb the Destroyer
  7189 | D:9      | Found a glowing golden altar of the Shining One.
  7385 | D:9      | Reached skill level 13 in Axes
  7574 | D:9      | Found a snail-covered altar of Cheibriados.
  7737 | D:9      | Reached * piety under Makhleb
  7840 | D:9      | Reached skill level 5 in Armour
  7941 | D:10     | Entered Level 10 of the Dungeon
  8080 | D:10     | crauler: !rng Na Vp
  8081 | D:10     | beem: The RNG chooses: Vp.
  8082 | D:10     | Noticed a hill giant
  8083 | D:10     | crauler: beem likes Vp, i think
  8153 | D:10     | jacquesderrida: Krulir
  8178 | D:10     | Reached XP level 11. HP: 41/93 MP: 9/9
  8179 | D:10     | crauler: kulek
  8219 | D:10     | Killed a hill giant
  8219 | D:10     | Reached skill level 1 in Invocations
  8344 | D:10     | Noticed a centaur warrior
  8368 | D:10     | Killed a centaur warrior
  8556 | D:10     | Found a staircase to the Orcish Mines.
  8616 | D:11     | Noticed Grum
  8626 | D:10     | Reached ** piety under Makhleb
  8629 | D:10     | Iwannabefree: что делать если мана заканчивается быстрее чем враги?
  8631 | D:10     | LouisFerdinandCeline: все снова здесь
  8631 | D:10     | crauler: качать ману, брать сифа/веха
  8631 | D:10     | crauler: съябывать
  8631 | D:10     | crauler: носить амуль манарега
  8676 | D:11     | Found a staircase to the Lair.
  8716 | D:11     | Slain by a white ugly thing

Action                   |  1- 3 |  4- 6 |  7- 9 | 10-12 || total
-------------------------+-------+-------+-------+-------++-------
Melee: War axe           |   103 |   167 |   226 |       ||   496
       Battleaxe         |       |       |   210 |   336 ||   546
Throw: Throwing net      |       |     1 |     1 |     3 ||     5
 Abil: Device Recharging |       |     1 |     4 |     6 ||    11
Evoke: Wand              |     2 |     3 |    42 |    46 ||    93
  Use: Scroll            |     4 |     2 |       |     7 ||    13
       Potion            |       |     1 |     5 |       ||     6
 Stab: Held in net/web   |       |     2 |       |       ||     2
       Invisible         |       |       |     7 |     5 ||    12
       Confused          |       |       |     6 |     5 ||    11
  Eat: Chunk             |       |     4 |     8 |     7 ||    19
       Meat ration       |       |       |     1 |       ||     1
       Beef jerky        |       |       |     1 |       ||     1
       Bread ration      |       |       |       |     2 ||     2
       Pizza             |       |       |       |     2 ||     2
